cohdb
Replays
Latest Replays
All Replays
Popular Replays
Top Player Replays
Match Explorer
How It Works
Community
CoH3 Stats
Reddit
Sign in to upload your games and track your stats! →
Sign in with Steam
Match 41522144
Unlisted
Match 41522144
Overview
Messages
Build Orders
End
Construct Infanterie Kompanie
Selects Mechanized Battlegroup
Grenadier Squad
Grenadier Squad
MG 42 Machine Gun Team
Construct Panzergrenadier Kompanie
Grenadier Squad
251 Medium Carrier
Panzergrenadier Squad
Selects Mobile Repair Stations
Selects Raid Package
Infanterie Officer Quarters
Support Elements
Grenadier Squad
Grenadier Squad
Pak 40 Anti-tank Gun Team
Selects StuG Assault Group
StuG III G Assault Gun
Grenadier Squad
Pioneer Squad
Grenadier Squad
JShreddy
Operator
73TBN_OPR2
Jackatm
NanoLoki
FemtoLoki
0
0
Comments
sign in to comment!
No comments posted yet!